Cogmind - Beta 12 @@@ ROGUE MODE // 2023.09.28 @ 20:23:16 Player: Relth Result: Destroyed by D-53 Grenadier with Mini Grenade Launcher Performance ------------- Evolutions (0) 0 Regions Visited (2) 400 Robots Destroyed (5) 25 Value Destroyed (111) 111 Prototype IDs (0) 0 Alien Tech Used (0) 0 Bonus (0) 0 TOTAL SCORE: 536 Bonus ------- None Cogmind --------- Core Integrity 0/250 Matter 300/300 Energy 100/100 System Corruption 0% Temperature Cool (15) Movement Core (50) Location -10/Mines Parts ------- > --- POWER (1) -------- (None) > --- PROPULSION (2) --- (None) > --- UTILITY (2) ------ Terrain Scanner > --- WEAPON (2) ------- (None) > --- INVENTORY (5) ---- Ion Engine Aluminum Leg Aluminum Leg Small Storage Unit Light Assault Rifle Peak State ------------ > --- POWER ------------ Ion Engine > --- PROPULSION ------- Aluminum Leg Aluminum Leg > --- UTILITY ---------- Small Storage Unit Small Storage Unit > --- WEAPON ----------- Small Laser Small Laser > --- INVENTORY -------- Light Ion Engine Wheel Compact Wheel Light Assault Rifle [Rating: 7] Favorites ----------- Power Ion Engine Engine Ion Engine Propulsion Aluminum Leg Leg Aluminum Leg Utility Terrain Scanner Device Terrain Scanner Storage Small Storage Unit Protection Light Armor Plating Weapon Small Laser Energy Gun Small Laser Build | -11 -10 -10 ------- Run | Jun Mat Min Slots Evolved . | . . . Power . | . . . Propulsion . | . . . Utility . | . . . Weapon . | . . . Parts Attached 9 | 6 3 . Power 1 | 1 . . Engine 1 | 1 . . Core . | . . . Reactor . | . . . Propulsion 2 | 2 . . Treads . | . . . Leg 2 | 2 . . Wheel . | . . . Hover . | . . . Flight . | . . . Utility 4 | 1 3 . Device 1 | . 1 . Storage 2 | 1 1 . Processor . | . . . Hackware . | . . . Protection 1 | . 1 . Artifact . | . . . Weapon 2 | 2 . . Energy Gun 2 | 2 . . Energy Cannon . | . . . Ballistic Gun . | . . . Ballistic Cannon . | . . . Launcher . | . . . Special Weapon . | . . . Impact Weapon . | . . . Slashing Weapon . | . . . Piercing Weapon . | . . . Special Melee Weapon . | . . . Unidentified Prototypes . | . . . Parts Lost 6 | . . 6 Power 1 | . . 1 Propulsion 2 | . . 2 Utility 1 | . . 1 Weapon 2 | . . 2 Highest Loss Streak 6 | . . 6 To Critical Strikes . | . . . Average Slot Usage (%) 99 | . 98 99 Engine 14 | . 14 14 Leg 27 | . 28 27 Device 10 | . 2 14 Storage 6 | . 22 . Protection 10 | . 1 14 Energy Gun 28 | . 28 28 Naked Turns . | . . . Heaviest Build 17 | 12 17 11 Greatest Support 20 | 20 20 20 Greatest Overweight (x) . | . . . Average Overweight (x) . | . . . Largest Inventory Capacity 8 | 8 8 5 Average Capacity 5 | 6 7 5 Most Carried 5 | 5 5 5 Average Carried 4 | 2 4 4 Final Capacity 8 | 8 5 5 Final Carried 5 | 4 5 5 Class Distribution -------------------- 100% | Mutant Dominant Class ---------------- Mutant | -10/Materials Mutant | -10/Mines Resources | -11 -10 -10 ----------- Run | Jun Mat Min Matter Collected 283 | 196 . 87 Remotely . | . . . Salvage Created 115 | . . 115 Parts 6 | . . 6 Haulers Intercepted . | . . . Recyclers Shooed . | . . . Parts Field Recycled . | . . . Retrieved Matter . | . . . Parts Self-Destructed . | . . . Prevented . | . . . Kills | -11 -10 -10 ------- Run | Jun Mat Min Combat Hostiles Destroyed 5 | . . 5 Guns 5 | . . 5 Classes Destroyed 2 | . . 2 Swarmer 3 | . . 3 Grunt 2 | . . 2 Best Kill Streak 3 | . . 3 Combat Bots Only 3 | . . 3 Max Kills in Single Turn 1 | . . 1 Gunslinging . | . . . Exploded . | . . . Melee . | . . . Uniques/NPCs Destroyed . | . . . Combat | -11 -10 -10 -------- Run | Jun Mat Min Damage Taken 764 | . . 764 Core 252 | . . 252 Absorbed by Shields . | . . . Core Remaining (%) 100 | 100 . . Volleys Fired 14 | . . 14 Largest 2 | . . 2 Hottest 80 | . . 80 Shots Fired 28 | . . 28 Gun 28 | . . 28 Cannon . | . . . Launcher . | . . . Special . | . . . Kinetic . | . . . Thermal 28 | . . 28 Explosive . | . . . Electromagnetic . | . . . Robot Hit Streak 16 | . . 16 Robot Miss Streak 1 | . . 1 Penetration Max . | . . . Secondary Targets . | . . . Shots Hit Robots 21 | . . 21 Core Hits 11 | . . 11 Critical Kills . | . . . Critical Parts Destroyed . | . . . Critical Strikes . | . . . Melee Attacks . | . . . Impact . | . . . Slashing . | . . . Piercing . | . . . Sneak Attacks . | . . . Combat Hostiles . | . . . Follow-up Attacks . | . . . Damage Inflicted 250 | . . 250 Guns 244 | . . 244 Cannons . | . . . Explosions . | . . . Melee . | . . . Ramming 6 | . . 6 Kinetic . | . . . Thermal 244 | . . 244 Explosive . | . . . Electromagnetic . | . . . Impact . | . . . Slashing . | . . . Piercing . | . . . Highest Corruption . | . . . Average Corruption . | . . . Corruption Purged . | . . . Corruption Blocked . | . . . Overload Shots . | . . . Overflow Damage . | . . . Projectiles . | . . . Explosions . | . . . Melee . | . . . Knockbacks . | . . . Impact . | . . . Kinetic . | . . . Secondary . | . . . Self-Inflicted Damage . | . . . Shots . | . . . Rammed . | . . . Targets Rammed 2 | . . 2 Kicked 2 | . . 2 Crushed . | . . . Highest Temperature 207 | . . 207 Average Temperature 79 | . . 79 Received Heat Transfer 45 | . . 45 Siege Activations . | . . . Robots Corrupted . | . . . Combat Hostiles . | . . . Parts Fried . | . . . Impact Corruptions . | . . . Robots Melted . | . . . Combat Hostiles . | . . . Parts Melted 2 | . . 2 Heat Transferred 550 | . . 550 Parts Sabotaged . | . . . Parts Stolen . | . . . Parts Stripped . | . . . Power Chain Reactions . | . . . Missiles Intercepted . | . . . Alert | -11 -10 -10 ------- Run | Jun Mat Min Peak Influence 120 | . . 120 Initial . | . . . Average 59 | . . 95 Maximum Alert Level . | . . . Low Security (%) 100 | 100 100 100 Level 1 . | . . . Level 2 . | . . . Level 3 . | . . . Level 4 . | . . . Level 5 . | . . . High Security . | . . . Max Security . | . . . Squads Dispatched 1 | . 1 . Investigation 1 | . 1 . Extermination . | . . . Reinforcement . | . . . Assault . | . . . Garrison . | . . . Intercept . | . . . Searches Triggered . | . . . Construction Impeded . | . . . Haulers Reinforced . | . . . Active Scanning Responses . | . . . Cargo Convoy Interrupts . | . . . Stealth | -11 -10 -10 --------- Run | Jun Mat Min Distress Signals . | . . . Communications Jammed . | . . . Distress Signals . | . . . Times Spotted 9 | . . 9 Peak Tracking Total 6 | . 1 6 Tactical Retreats . | . . . Traps | -11 -10 -10 ------- Run | Jun Mat Min Traps Triggered 1 | . 1 . Indirectly . | . . . Trap Hack Attempts . | . . . Triggered . | . . . Disarmed . | . . . Reprogrammed . | . . . Reused . | . . . Traps Extracted . | . . . Installed . | . . . Triggered . | . . . Machines | -11 -10 -10 ---------- Run | Jun Mat Min Machines Disabled . | . . . Max in Single Turn . | . . . Machines Repaired . | . . . Machines Sabotaged . | . . . Overloaded Fab Kills . | . . . Hacking | -11 -10 -10 --------- Run | Jun Mat Min Machines Accessed . | . . . Terminals . | . . . Fabricators . | . . . Repair Stations . | . . . Recycling Units . | . . . Scanalyzers . | . . . Garrison Access . | . . . Total Hacks . | . . . Successful . | . . . Failed . | . . . Catastrophic . | . . . Database Lockouts . | . . . Manual . | . . . Terminals . | . . . Fabricators . | . . . Repair Stations . | . . . Recycling Units . | . . . Scanalyzers . | . . . Garrison Access . | . . . Terminal Hacks . | . . . Fabricator Hacks . | . . . Repair Station Hacks . | . . . Recycling Unit Hacks . | . . . Scanalyzer . | . . . Garrison Access Hacks . | . . . Unauthorized Hacks . | . . . Terminals . | . . . Fabricators . | . . . Repair Stations . | . . . Recycling Units . | . . . Scanalyzers . | . . . Garrison Access . | . . . Data Cores Recovered . | . . . Used . | . . . Hacking Detections . | . . . Full Trace Events . | . . . Feedback Events . | . . . Feedback Blocked . | . . . Robot Schematics Acquired . | . . . Robots Built . | . . . Authchips . | . . . Time . | . . . Total Robot Build Rating . | . . . Part Schematics Acquired . | . . . Parts Built . | . . . Authchips . | . . . Time . | . . . Total Part Build Rating . | . . . Parts Repaired . | . . . Time . | . . . Parts Recycled . | . . . Recycled Matter . | . . . Retrieved Matter . | . . . Retrieved Components . | . . . Parts Scanalyzed . | . . . Part Schematics Acquired . | . . . Parts Damaged . | . . . Bothacking | -11 -10 -10 ------------ Run | Jun Mat Min Used RIF Installer . | . . . Robots Hacked . | . . . Non-combat . | . . . Combat . | . . . Robot Hacks Applied . | . . . Relay Couplers Released . | . . . Fabnet Peak Effective % . | . . . Robots Rewired . | . . . Allies Hacked . | . . . Hacks Repelled . | . . . Allies | -11 -10 -10 -------- Run | Jun Mat Min Total Allies . | . . . Largest Group . | . . . Highest-Rated Group . | . . . Highest-Rated Ally . | . . . Total Orders . | . . . Ally Attacks . | . . . Total Damage . | . . . Kills . | . . . Allies Corrupted . | . . . Allies Melted . | . . . Intel | -11 -10 -10 ------- Run | Jun Mat Min Robot Analysis Total . | . . . Derelict Logs Recovered . | . . . Drone Launches . | . . . Drone Recoveries . | . . . Exploration | -11 -10 -10 ------------- Run | Jun Mat Min Turns Passed 468 | 64 111 293 Spaces Moved 323 | 44 88 191 Core 8 | 4 . 4 Treads . | . . . Legs 315 | 40 88 187 Wheels . | . . . Hover . | . . . Flight . | . . . Fastest Speed 50 | 50 120 50 Average Speed 118 | 113 120 118 Slowest Speed 120 | 120 120 120 Overloaded Moves . | . . . Propulsion Burnouts . | . . . Robots Hopped . | . . . Cave-ins Triggered . | . . . Exploration Rate (%) 23 | 3 22 45 Regions Visited 2 Branch Regions 1 Pre-discovered Areas 1 | . . 1 Known Exits Taken . | . . . Unknown Exits Taken 2 | 1 1 . Scrap Searched . | . . . Spaces Dug . | . . . Terrain Destroyed . | . . . Melee . | . . . Projectile . | . . . AOE . | . . . Terrain Rammed . | . . . Walls Destroyed . | . . . Machines Disabled . | . . . Actions | -11 -10 -10 --------- Run | Jun Mat Min Total 378 | 55 93 230 Wait 17 | . . 17 Move 321 | 43 87 191 Hop . | . . . Pick Up 9 | 5 1 3 Fast Attach 9 | 6 3 . Attach . | . . . Detach . | . . . Swap . | . . . Drop 6 | 1 2 3 Fire 14 | . . 14 Melee . | . . . Ram . | . . . Kick 2 | . . 2 Crush . | . . . Escape Stasis . | . . . Rewire . | . . . Trap . | . . . Miscellaneous . | . . . Route ------- -11/Junkyard -10/Materials -10/Mines (discovered 1 exit: [*Mat]) History --------- Turn | Location | Event 12 | -11/Junkyard | Discovered new exit (range 15) 65 | -11/Junkyard | Entered Materials 164 | -10/Materials | Discovered new exit (range 11) 176 | -10/Materials | Entered Mines 177 | -10/Mines | Learned location of Storage (-7) 201 | -10/Mines | Met a Derelict bent on vengeance 317 | -10/Mines | Build established: Mutant 444 | -10/Mines | Assembled infested the area 459 | -10/Mines | Discovered new exit (range 10) 462 | -10/Mines | Core integrity fell below 50% 468 | -10/Mines | Core integrity fell below 20% 469 | -10/Mines | Destroyed by D-53 Grenadier with Mini Grenade Launcher Last Messages --------------- 00451_ C-30 ARC bursts open, deploying its payload. 00451_ D-53 Grenadier unfolds itself. 00451_ U-05 Engineer lays Concrete. 00451_ U-05 Engineer destroyed. 00459_ The unstable cave ceiling collapses. 00459_ U-05 Engineer builds a Wall. 00459_ Aluminum Leg destroyed. 00459_ EXIT=FOUND 00461_ The unstable cave ceiling collapses. 00461_ Lgt. Armor Plating destroyed. 00463_ U-05 Engineer builds a Wall. 00465_ Aluminum Leg destroyed. 00465_ Sml. Laser destroyed. 00465_ Ion Engine destroyed. 00465_ Sml. Laser destroyed. 00465_ D-53 Grenadier destroyed. 00466_ The unstable cave ceiling collapses. 00467_ U-05 Engineer builds a Wall. 00468_ as-63492 sneak attacks. 00469_ The unstable cave ceiling collapses. Map ----- +----------------------------------------------------+ | ?????????????????? ?????????????????????# # | | ?????????????????????????????????????????# ##### | | ??????????????????????????#????#?#???????# | | ?????????????????????????????????????????###### | | ?????????????????????????????????????????????## | | ???????????????????????????????????????#?????# | | ??????????????????????????#??????????????????# | | ??????????????????????????????#??????????????## | | ?????????????????????????????????????????????## | | ????????????????????????????#???????????????## | | ????????????????????????????????????????????# # | | ??????????????????????????################### # | | ????????????????######????# # | | ???????????????? #???# # | | ???????????????? #??# ################## ## | | ????????????????? #?#* ###??????????????###? | | ??????????????? ????# $## ##????????????????? | | ?????????????????????#a ##???????????????? | | ?????????????????????## ##??????????????? | | ?????????????????????##a ##??????????????? | | ?????????????????????# d ##??????????????? | | ?????????????????????# % # #??????#???????? | | ?????????????????????# #??#???????????? | | ?????????????????????# #??????????????? | | ?????????????????????# ##??????????????? | | ?????????????????????# #@ ## #???????????????? | | ?????????????????????# #####?$#???????????????? | | ???????????????????#?# ????? #???????????????? | | ????????????????????# ?????##???????????????? | | ????????????????????# < ##?????????????????????? | | ????????????????????## #???????????????????????? | | ?????????????????????####????????????????????????? | | ?????????????????????????????#???#???????????????? | | ?????????????????????????????????????????????????? | | | | | | | | | | | | | | | | | | | | | | | | | | | | | | | | | +----------------------------------------------------+ Best States ------------- Heat Dissipation 25 Energy Generation 10 Energy Capacity 250 Matter Stores 300 Matter Capacity 300 Sight Range 16 Terrain Scan Range 14 Terrain Scan Density 10 Armor Coverage 150 Evasion (%) 55 Item Schematics ----------------- None Robot Schematics ------------------ None Fabricated ------------ Nothing Alien Tech Used ----------------- None Achievements -------------- None Challenges ------------ None Game ------ Seed EnhancedFocalNanovents Manual? 0 Play Time 00:36:34 Cumulative 14.9 hours Start 2023.09.28 @ 18:29:30 End 2023.09.28 @ 20:23:16 Sessions 3 Manual Loads 0 Difficulty Rogue Special Mode None Game No. 14 Rogue 14 Adventurer 0 Explorer 0 Win Type - Total 0 Types 0/0/0/0/0/0/0/0/0 Lore% 6 Gallery% 11 Achievement% 8 Wizard Run 0 Options --------- ASCII 1 Keyboard 1 Movement Numpad Keybinds 0 Fullscreen 0 Font 16/Proggy Map View 76x50 Tactical HUD 1 Map Filters NONE Filters NONE Steam 1 RUN: 0b7e647f-752d-4811-a000-fb49612dc9b0